 Dungeon Crawl Stone Soup version 0.14-a0-1330-g3eed206 (webtiles) character file.

457 PolkaDot the Ducker (level 5, -1/38 HPs)
             Began as a Vampire Death Knight on Dec 6, 2013.
             Was a Believer of Yredelemnul.
             Slain by an orc
             ... wielding a +1,+0 orcish flail
              (10 damage)
             ... on Level 3 of the Dungeon.
             The game lasted 00:07:19 (2767 turns).

PolkaDot the Ducker (Vampire Death Knight)          Turns: 2767, Time: 00:07:19

HP  -1/38        AC  4     Str 12      XL: 5   Next: 46%
MP   6/6         EV 13     Int 13      God: Yredelemnul [**....]
Gold 261         SH  0     Dex 14      Spells:  0 memorised,  4 levels left

rFire  . . .     SeeInvis +     a - +2 dwarf short sword
rCold  . . .     Clarity  .     b - +0 leather armour
rNeg   + . .     Conserve .     (no shield)
rPois  .         rCorr    .     k - +0 cap
rElec  .         rRot     .     (no cloak)
SustAb . .       Spirit   .     f - +0 pair of gloves
rMut   .         Warding  .     (no boots)
Saprov . . .     Stasis   .     (no amulet)
                                (no ring)
                                (no ring)

@: slightly resistant to hostile enchantments, unstealthy
A: fangs 3, see invisible, unbreathing
a: Bat Form, Animate Remains, Recall Undead Slaves, Injury Mirror, Renounce
Religion


You were on level 3 of the Dungeon.
You worshipped Yredelemnul.
Yredelemnul was pleased with you.
You were not thirsty.

You visited 1 branch of the dungeon, and saw 3 of its levels.

You collected 261 gold pieces.

Inventory:

Hand weapons
 a - a +2,+2 dwarven short sword (weapon)
Armour
 b - a +0 leather armour (worn)
 f - a +0 pair of gloves (worn)
 k - a +0 cap (worn)
Scrolls
 d - a scroll of fear
 e - a scroll of enchant weapon I
 l - a scroll of fog {unknown}
 o - a scroll of remove curse {unknown}
 p - a scroll of immolation {unknown}
Jewellery
 n - an uncursed ring of sustenance
Potions
 i - 2 potions of lignification
 j - 2 potions of curing
 m - a potion of restore abilities


   Skills:
 - Level 1.7 Fighting
 * Level 3.8 Short Blades
 - Level 0.7 Armour
 + Level 5.0 Dodging
 - Level 2.4 Invocations


You had 4 spell levels left.
You didn't know any spells.

Dungeon Overview and Level Annotations

Branches:
Dungeon (3/16)

Altars:

Annotations:
D:3 Grinder, Jessica


Innate Abilities, Weirdness & Mutations

You have razor-sharp teeth.*
You have supernaturally acute eyesight.
You can survive without breathing.*


Message History

Your bite misses the orc wizard.
The orc wizard is moderately wounded.
The orc wizard hits you with a glowing orcish dagger.
You hit the orc wizard but do no damage.
The orc wizard is moderately wounded.
The orc wizard casts a spell at you. The magic dart hits you!
The orc hits you with an orcish flail.
You are too injured to fight recklessly!
You are too injured to fight recklessly!
You are too injured to fight recklessly!
Drink which item? (? for menu, Esc to quit)
You feel better. The orc wizard casts a spell at you.
The puff of flame hits you!
* * * LOW HITPOINT WARNING * * *
You closely miss the orc wizard. You bite the orc wizard.
The orc wizard is almost dead.
The orc hits you with an orcish flail!
You die...
Yredelemnul claims you as an undead slave.

#................♣
#..###############
#..# #..# #..#
#..# #..#
#)o############
#oo@...........
#..)............
#.........!.....
#...............
#..............
#..............
#...........?..
#......(......
#.............


You could see an orc wizard (invisible) and 2 orcs.

Vanquished Creatures
  A sky beast (D:3)
  4 adders
  2 worms (D:2)
  An ooze (D:3)
  5 orcs (D:3)
  6 bats
  3 giant cockroaches
  3 hobgoblins
  2 jackals (D:2)
  A ball python (D:1)
  5 giant geckos
  7 giant newts
  5 goblins
  2 kobolds (D:2)
  2 quokkas (D:2)
  10 rats
59 creatures vanquished.

Vanquished Creatures (collateral kills)
  An ooze (D:1)
  A hobgoblin (D:2)
  2 giant newts (D:2)
  A quokka (D:2)
  2 plants (D:1)
7 creatures vanquished.

Vanquished Creatures (others)
  An orc zombie (D:3)
1 creature vanquished.

Grand Total: 67 creatures vanquished

Notes
Turn   | Place    | Note
--------------------------------------------------------------
     0 | D:1      | PolkaDot, the Vampire Death Knight, began the quest for the Orb.
     0 | D:1      | Reached XP level 1. HP: 16/16 MP: 1/1
   216 | D:1      | Reached XP level 2. HP: 22/22 MP: 2/2
  1012 | D:2      | Reached XP level 3. HP: 27/27 MP: 2/4
  1029 | D:2      | Reached skill level 3 in Dodging
  1037 | D:2      | Acquired Yredelemnul's second power
  1834 | D:3      | Reached XP level 4. HP: 26/33 MP: 5/5
  1845 | D:3      | Reached skill level 4 in Dodging
  2043 | D:3      | Noticed Grinder
  2046 | D:3      | Noticed Jessica
  2510 | D:3      | Noticed a sky beast
  2522 | D:3      | Killed a sky beast
  2522 | D:3      | Reached skill level 5 in Dodging
  2522 | D:3      | Reached XP level 5. HP: 6/38 MP: 6/6
  2767 | D:3      | Slain by an orc

Action                   |  1- 3 |  4- 6 || total
-------------------------+-------+-------++-------
Melee: Short sword       |   192 |    70 ||   262
Invok: Animate Remains   |    17 |     3 ||    20
  Use: Scroll            |     6 |     2 ||     8
       Potion            |       |     2 ||     2
